AoeStats
← Carple

MegaRandom

505773003Analyzed
1v1 RM · 22d ago on Sep 11, 2026· 22m 50s· 2 players
Game mode
Random Map
Map size
Tiny (2 player)
Population
200
Speed
Normal
Resources
Standard
Victory
Conquest
Starting age
Dark Age
Ending age
Imperial Age
RankedLock teamsTeams togetherTeam positionsShared explorationLock speedFull tech treeHidden civsTurbo modeCheats
Victory
Defeat
🇨🇦 Spanish · Canada
1254
+17
🇦🇷 Britons · Argentina
1268
-17
Carple
12:37 Feudal Age
13:04 Double-Bit Axe
13:08 Loom
18:14 Castle Age
17:10 Fishing Lines
18:39 Forging
18:19 Fletching
18:27 Gold Mining
18:28 Stone Mining
19:11 Medium Warships
20:29 Clinker Construction
21:43 Horse Collar
22:35 Careening
Marlboro20box
0:33 Loom
12:26 Feudal Age
16:24 Castle Age
14:17 Fletching
14:28 Padded Archer Armor
17:32 Medium Warships
17:47 Bodkin Arrow
20:41 Wheelbarrow
20:09 Double-Bit Axe
21:52 Leather Archer Armor
Connection lost

Rejoining the realm…

Still unreachable

The connection could not be restored.

Session expired

The server has moved on; the page needs a fresh start.